 Dungeon Crawl Stone Soup version 0.31-a0-167-g1c394c0614 (webtiles) character file.

Game seed: 12866044441105381318

139 qw the Shooter (level 5, -4/32 HPs)
             Began as a Gargoyle Hunter on June 14, 2023.
             Slain by a hobgoblin (6 damage)
             ... led by Robin
             ... on level 3 of the Dungeon.
             The game lasted 00:00:42 (1448 turns).

qw the Shooter (Gargoyle Hunter)                    Turns: 1448, Time: 00:00:42

Health: -4/32      AC: 11    Str: 14    XL:     5   Next: 22%
Magic:  5/5        EV: 11    Int: 10    God:
Gold:   94         SH:  0    Dex: 15    Spells: 4/4 levels left

rFire   . . .        Y - +4 shortbow
rCold   . . .        (shield currently unavailable)
rNeg    + . .        f - +0 ring mail
rPois   inf          a - +2 hat "Miahistry" {rCorr}
rElec   +            (no cloak)
rCorr   +            (no gloves)
SInv    .            (no boots)
Will    .....        (no amulet)
Stlth   +            (no ring)
HPRegen 0.25/turn    (no ring)
MPRegen 0.09/turn

%: no passive effects
@: about to teleport
A: sickness immunity, AC +4, negative energy resistance 1, electricity
resistance, torment resistance 1, petrification resistance
a: no special abilities


You were on level 3 of the Dungeon.
You visited 1 branch of the dungeon, and saw 3 of its levels.

You collected 94 gold pieces.


Innate Abilities, Weirdness & Mutations

You are immune to sickness and miasma.
Your stone body is resilient. (AC +4)
You are immune to poison.
You resist negative energy. (rN+)
You are resistant to electric shocks. (rElec)
You are resistant to unholy torment.
You are immune to petrification.


   Skills:
 - Level 3.1 Fighting
 + Level 5.6 Ranged Weapons
 - Level 1.7 Armour
 - Level 1.5 Dodging
 - Level 1.1 Stealth


You had 4 spell levels left.
You didn't know any spells.
Your spell library was empty.

Inventory:

Hand Weapons
 Y - a +4 shortbow (weapon)
Armour
 a - the +2 hat "Miahistry" (worn) {rCorr}
   (You acquired it on level 1 of the Dungeon)

   rCorr:     It protects you from acid and corrosion.
 f - a +0 ring mail (worn)
Scrolls
 d - a scroll of identify
Potions
 b - a potion of heal wounds
 g - a potion of attraction {unknown}
 h - a potion of curing {unknown}
 m - a potion of might

Dungeon Overview and Level Annotations

Branches:
Dungeon (3/15)

Altars:
Uskayaw


Message History

You kill the goblin!
Robin roars a battlecry!
The goblins go into a battle-frenzy!
The hobgoblin hits you with a staff of conjuration.
The hobgoblin misses you. The goblin barely misses you. The hobgoblin hits you.
The goblin hits you with a +0 club.
A goblin comes into view. It is wielding a +0 club.
The hobgoblin closely misses you.
The goblin shouts!
You hear a shout!
You hear a bark!
You shoot an arrow. The arrow hits Robin!
Robin is heavily wounded.
The hobgoblin misses you.
Robin roars a battlecry!
The goblins go into a battle-frenzy!
The hobgoblin hits you but does no damage.
The goblin hits you but does no damage.
You hear a bark!
You hear an angry hiss.
You shoot an arrow. The arrow hits Robin!
Robin is almost dead.
The hobgoblin closely misses you. Robin hits you but does no damage.
The goblin hits you but does no damage.
The hobgoblin hits you but does no damage.
You shoot an arrow. The arrow hits Robin.
You kill Robin!
A jackal comes into view.
The goblin misses you. The hobgoblin barely misses you.
The hobgoblin closely misses you.
You shoot an arrow. The arrow hits the goblin!
You kill the goblin!
The goblin hits you with a +0 club.
A goblin comes into view. It is wielding a +0 club.
The hobgoblin hits you with a staff of conjuration!
The hobgoblin hits you but does no damage.
1448 ||| READING scroll of teleportation.
As you read the scroll of teleportation, it crumbles to dust.
You feel strangely unstable. The goblin hits you but does no damage.
The goblin hits you with a +0 club.
The hobgoblin hits you but does no damage.
The hobgoblin hits you.
You die...

#........).###......######
##........#%...####.##
##.......#)#### #..#####
#######%..# ##.#...####
##..# #..#.#.... #..#
##........ #..##
#.#.#.#... ##g.#
#......... ##g@#
#..#.#.... #.gg#
#......... #g#g#
##....#... #.#gg#
#......## #.##.# #...####
#. h# #... .. .. .. ...
...


You could see a jackal, 2 hobgoblins and 6 goblins.

Vanquished Creatures
  Natasha (D:3)
  An orc wizard (D:3)
  Robin (D:3)
  3 adders
  A worm (D:2)
  A dart slug (D:1)
  2 orcs (D:3)
  5 ball pythons
  3 endoplasms
  2 giant cockroaches
  5 goblins
  5 hobgoblins
  2 jackals (D:2)
  A quokka (D:1)
  4 bats (D:1)
  5 frilled lizards (D:1)
  A kobold (D:3)
  4 rats
47 creatures vanquished.

Notes
Turn   | Place    | Note
-------+----------+-------------------------------------------
     0 | D:1      | qw the Gargoyle Hunter began the quest for the Orb.
     0 | D:1      | Reached XP level 1. HP: 12/12 MP: 1/1
     0 | D:1      | 0 ||| qw: Version: 0.2-a-29-g1fa15c8
     0 | D:1      | 0 ||| qw: Game counter: 5049
     0 | D:1      | 0 ||| qw: Always use a shield: true
     0 | D:1      | 0 ||| qw: God list: Okawaru
     0 | D:1      | 0 ||| qw: Allow faded altars: false
     0 | D:1      | 0 ||| qw: Do Orc after D:15 true
     0 | D:1      | 0 ||| qw: Do second Lair branch before Depths: true
     0 | D:1      | 0 ||| qw: Lair rune preference: random
     0 | D:1      | 0 ||| qw: Plans: Normal, Zot:1-4, Slime:5, God:TSO, Crypt,
                  | Tomb, Abyss, Pan, Hells, Win
     0 | D:1      | 0 ||| PLANNING D:1-11
   116 | D:1      | Reached XP level 2. HP: 17/17 MP: 2/2
   144 | D:1      | Found a faded altar of an unknown god.
   471 | D:1      | 471 ||| READING scroll labelled IHOGIM XEMI.
   474 | D:1      | 474 ||| READING scroll labelled RULACH BUXO.
   474 | D:1      | Identified a scroll of acquirement
   474 | D:1      | 474 ||| ACQUIRING +2 hat "Miahistry" {rCorr}
   474 | D:1      | Acquired the +2 hat "Miahistry" {rCorr}
   476 | D:1      | 476 ||| UPGRADING to +2 hat "Miahistry" {rCorr}.
   481 | D:1      | 481 ||| READING scroll labelled MAUPLI DYBUALA.
   482 | D:1      | 482 ||| READING scroll labelled OLOL SUXACUSA.
   483 | D:1      | 483 ||| READING scroll labelled NOOVIPN PELIUZ.
   484 | D:1      | 484 ||| READING scroll labelled JOIMEF TEA.
   485 | D:1      | 485 ||| DRINKING 2 lumpy red potions.
   486 | D:1      | 486 ||| DRINKING 2 smoky pink potions.
   487 | D:1      | 487 ||| DRINKING 2 green potions.
   488 | D:1      | 488 ||| DROPPING scroll of butterflies.
   489 | D:1      | 489 ||| DROPPING potion of invisibility.
   490 | D:1      | 490 ||| DROPPING potion of enlightenment.
   523 | D:2      | Reached XP level 3. HP: 21/21 MP: 3/3
   662 | D:2      | Reached skill level 5 in Ranged Weapons
   848 | D:2      | Reached skill level 3 in Fighting
   874 | D:2      | 874 ||| READING 3 scrolls of enchant weapon.
   874 | D:2      | 874 ||| ENCHANTING +1 shortbow.
   875 | D:2      | 875 ||| READING 2 scrolls of enchant weapon.
   875 | D:2      | 875 ||| ENCHANTING +2 shortbow.
   876 | D:2      | 876 ||| READING scroll of enchant weapon.
   876 | D:2      | 876 ||| ENCHANTING +3 shortbow.
   974 | D:2      | Found a hide-covered altar of Uskayaw.
  1095 | D:2      | 1095 ||| UPGRADING to +0 ring mail.
  1105 | D:2      | 1105 ||| DROPPING +0 leather armour.
  1106 | D:2      | 1106 ||| READING 4 scrolls labelled ASUN ZUTENA.
  1107 | D:2      | 1107 ||| READING 3 scrolls of identify.
  1107 | D:2      | 1107 ||| IDENTIFYING metallic dark potion
  1108 | D:2      | 1108 ||| READING 2 scrolls of identify.
  1108 | D:2      | 1108 ||| IDENTIFYING bubbling white potion
  1109 | D:2      | 1109 ||| DROPPING potion of degeneration.
  1154 | D:3      | Reached XP level 4. HP: 28/28 MP: 4/4
  1158 | D:3      | Noticed Natasha
  1169 | D:3      | Killed Natasha
  1170 | D:3      | Reached skill level 1 in Armour
  1276 | D:3      | Reached XP level 5. HP: 32/32 MP: 5/5
  1433 | D:3      | Noticed Robin
  1446 | D:3      | Killed Robin
  1447 | D:3      | HP: 6/32 [hobgoblin/staff of conjuration[Robin] (10)]
  1448 | D:3      | 1448 ||| READING scroll of teleportation.
  1448 | D:3      | HP: 2/32 [goblin/+0 club[Robin] (5)]
  1448 | D:3      | Slain by a hobgoblin

Levels and vault maps discovered:
D:1:      dpeg_arrival_rhombi, layout_rooms,
          shapermc_ecumenical_altar_notcrosses
D:2:      layout_loops_ring, basic_altar
D:3:      layout_rooms, nicolae_dithmenos_through_a_glass_darkly, hex_tiny,
          uniq_robin, uniq_natasha

Skill      XL: |  1  2  3  4 |
---------------+-------------+-----
Ranged Weapons | 5 |  5.6
Fighting       | 3 |  3.1
Armour         | 1 |  1.7
Dodging        | |  1.5
Stealth        | |  1.1

Action                     |  1- 3 |  4- 6 || total
---------------------------+-------+-------++-------
   Fire: Shortbow          |    96 |    55 ||   151
    Use: Scroll            |    12 |     1 ||    13
         Potion            |     3 |       ||     3
 Armour: Leather armour    |    12 |       ||    12
         Ring mail         |       |    35 ||    35
  Dodge: Dodged            |    15 |    21 ||    36

Table legend:
 A = Non-vault XP
 B = Vault XP
 C = Vault XP percentage of total XP
 D = Non-vault monster count
 E = Vault monster count
 F = Vault count percentage of total count
                 A         B        C        D         E       F
            +---------+---------+-------+---------+---------+-------
      Total |     142 |      57 |  28.6 |      41 |       6 |  12.8
            +---------+---------+-------+---------+---------+-------
        D:1 |      31 |       0 |   0.0 |      18 |       0 |   0.0
        D:2 |      50 |       0 |   0.0 |      13 |       0 |   0.0
        D:3 |      61 |      57 |  48.3 |      10 |       6 |  37.5
            +---------+---------+-------+---------+---------+-------
